Map: Nightshade LE

Players

ViBE - Winner!

  • Race: Terran Terran
  • League: Diamond
  • Spawn Location: 5:00

MarinePower

  • Race: Terran Terran
  • League: Diamond
  • Spawn Location: 11:00

VOD

Have the link to the VOD?

Description

Time

  • Played on: Dec. 17, 2019, 11:15 p.m.
  • Length: 14:38
Show
View Real Time Build Order
Export as new Build Order

ViBE Terran - Winner!

Build Orders: Liberator Opening, Mech 

Get SALT Encoding   

  12  0:01  SCV  
  13  0:13  SCV  
  14  0:18  Supply Depot  
  14  0:26  SCV  
  15  0:39  SCV  
  16  0:44  Barracks  
  16  0:51  SCV  
  17  1:04  SCV  
  18  1:08  Refinery  
  18  1:16  SCV  
  19  1:28  SCV  
  20  1:34  Marine  
  21  1:42  Orbital Command  
  21  1:44  Command Center  
  21  2:00  Supply Depot  
  21  2:09  SCV  
  21  2:12  Factory  
  22  2:21  Refinery  
  22  2:26  Barracks Tech Lab  
  22  2:27  SCV  
  23  2:39  SCV  
  24  2:51  SCV  
  25  3:00  Orbital Command  
  25  3:04  SCV  
  26  3:06  Supply Depot, Cyclone  
  26  3:12  Starport  
  29  3:16  SCV  
  30  3:27  SCV  
  30  3:28  SCV  
  32  3:34  Command Center  
  32  3:39  SCV  
  33  3:41  Supply Depot  
  33  3:42  Siege Tank  
  33  3:46  SCV  
  37  3:50  Starport Tech Lab  
  37  3:51  SCV, Liberator  
  37  3:53  Refinery  
  38  3:58  SCV  
  39  4:04  SCV  
  42  4:11  SCV  
  42  4:16  SCV  
  44  4:23  SCV  
  45  4:28  SCV, Siege Tank  
  49  4:35  SCV  
  50  4:40  SCV  
  51  4:46  Factory  
  51  4:47  SCV, Refinery  
  51  4:50  Supply Depot  
  51  4:52  SCV  
  53  4:54  Viking  
  53  4:56  Barracks Reactor  
  53  4:59  SCV  
  56  5:09  Orbital Command  
  56  5:12  Siege Tank  
  59  5:31  SCV  
  59  5:32  SCV  
  55  5:48  Viking x2  
  57  5:50  Siege Tank  
  57  5:52  SCV x3  
  57  5:54  Command Center  
  63  5:59  Supply Depot x2  
  63  6:00  Supply Depot, Siege Tank  
  66  6:09  SCV x2  
  65  6:21  SCV, Viking x2  
  65  6:25  Orbital Command  
  70  6:33  SCV x2  
  70  6:36  Supply Depot x2  
  70  6:37  Supply Depot  
  70  6:39  Siege Tank x2  
  78  6:40  Engineering Bay  
  78  6:48  Supply Depot  
  75  7:01  Viking x2  
  75  7:06  SCV x3  
  82  7:16  Factory  
  82  7:17  Factory  
  82  7:18  SCV  
  82  7:19  SCV x2  
  82  7:31  Viking x2  
  86  7:41  SCV x3  
  86  7:42  Siege Tank x2  
  95  7:53  SCV, Starport  
  95  7:57  SCV x2  
  98  8:00  Refinery x2  
  98  8:05  SCV  
  99  8:09  SCV x2  
  101  8:14  Factory Reactor x2  
  101  8:17  SCV  
  101  8:18  Armory  
  101  8:19  Armory  
  102  8:21  SCV x2  
  102  8:24  Supply Depot  
  102  8:25  Supply Depot  
  104  8:29  SCV, Siege Tank  
  104  8:31  Starport Reactor  
  104  8:33  SCV x2  
  110  8:39  Siege Tank  
  113  8:41  SCV  
  113  8:44  Supply Depot  
  113  8:45  SCV, Supply Depot x2  
  113  8:47  Viking x2  
  119  8:51  Hellion x2  
  119  8:52  Hellion x2  
  119  8:54  SCV x2  
  129  8:57  SCV  
  129  9:02  Planetary Fortress  
  130  9:03  Refinery  
  130  9:05  Refinery  
  130  9:06  SCV, Command Center  
  131  9:10  Siege Tank  
  131  9:17  Factory  
  134  9:20  Factory  
  134  9:26  Terran Vehicle Weapons Level 1  
  134  9:27  Hellion x4  
  134  9:28  Hellion  
  134  9:29  Terran Vehicle And Ship Armor Level 1  
  144  9:41  Sensor Tower  
  144  9:46  Sensor Tower  
  144  9:48  Sensor Tower  
  144  9:56  Smart Servos, Infernal Pre-Igniter  
  144  9:58  Command Center  
  144  10:01  Factory Tech Lab  
  144  10:02  Viking x2  
  144  10:03  Viking  
  144  10:07  SCV x3  
  152  10:13  Supply Depot x2  
  153  10:14  Supply Depot  
  151  10:24  Neosteel Armor  
  151  10:31  Factory Tech Lab  
  151  10:34  Hellion x4  
  151  10:35  Thor x2  
  165  10:53  Viking  
  165  10:54  Viking x3  
  165  10:57  Siege Tank  
  162  11:14  Siege Tank  
  162  11:15  Hellion  
  162  11:16  Hellion x3  
  173  11:33  Planetary Fortress  
  173  11:34  Refinery  
  173  11:38  Siege Tank x3  
  173  11:39  Hellion x4  
  190  11:40  Viking x3  
  190  11:44  Refinery  
  190  11:46  Siege Tank  
  199  11:48  Factory  
  199  11:50  Factory  
  199  12:04  Hi-Sec Auto Tracking  
  199  12:11  Planetary Fortress  
  199  12:25  Refinery  
  199  12:28  Refinery  
  199  12:31  Factory  
  199  12:32  Factory  
  199  12:33  Factory  
  199  12:34  Factory Tech Lab x2  
  199  12:37  Starport x2  
  199  12:57  Thor  
  185  13:28  Siege Tank x3  
  185  13:29  Viking x3  
  200  13:40  Siege Tank  
  197  13:43  Starport Reactor x2  
  197  13:44  Factory Tech Lab x3  
  197  14:10  Factory  
  197  14:11  Factory  
  197  14:13  Starport  
  200  14:35  Command Center  
Show
View Real Time Build Order
Export as new Build Order

MarinePower Terran 

Build Orders: 1/1/1 

Get SALT Encoding   

  12  0:02  SCV  
  13  0:17  SCV  
  13  0:20  Supply Depot  
  14  0:26  Refinery  
  14  0:29  SCV  
  15  0:42  Barracks  
  15  0:46  SCV  
  16  0:58  SCV  
  17  1:10  SCV  
  18  1:15  Refinery  
  18  1:22  SCV  
  19  1:30  Marine  
  19  1:31  Factory  
  20  1:39  Orbital Command  
  20  1:48  Supply Depot  
  20  1:51  Marine  
  21  2:04  SCV  
  22  2:09  Marine  
  23  2:17  Factory Tech Lab  
  23  2:18  Starport  
  23  2:21  SCV  
  24  2:28  Supply Depot  
  24  2:30  Marine  
  25  2:41  Siege Tank  
  28  2:45  SCV  
  29  2:55  Starport Reactor  
  29  3:00  SCV  
  29  3:01  Marine  
  29  3:02  Supply Depot  
  31  3:13  Siege Tank  
  34  3:20  Engineering Bay  
  34  3:21  Marine  
  35  3:31  Viking  
  37  3:35  Viking  
  37  3:39  Marine  
  40  4:01  Command Center  
  40  4:09  Viking  
  42  4:10  Marine  
  42  4:16  Supply Depot  
  42  4:30  Viking  
  44  4:31  Siege Tank  
  47  4:51  Marine  
  47  4:52  SCV  
  49  5:03  Siege Tank  
  52  5:10  Marine  
  52  5:11  SCV  
  51  5:36  Siege Tank  
  51  5:52  Marine  
  51  5:53  SCV  
  53  6:03  Orbital Command  
  53  6:07  Command Center  
  51  6:24  Marine  
  51  6:25  SCV  
  53  6:26  Siege Tank  
  53  6:29  Viking  
  53  6:30  Viking  
  58  6:42  Marine  
  59  6:59  Viking  
  61  7:03  Marine, Orbital Command, Siege Tank  
  65  7:17  Viking  
  65  7:20  Refinery  
  65  7:22  Refinery  
  60  7:23  Marine  
  60  7:24  SCV  
  60  7:29  Viking  
  64  7:30  Factory  
  61  7:43  Marine, SCV  
  66  7:44  Siege Tank  
  66  8:05  Command Center  
  66  8:12  Barracks Tech Lab, Orbital Command  
  66  8:28  Siege Tank  
  69  8:36  Starport  
  69  8:49  Sensor Tower  
  69  8:53  Sensor Tower  
  69  8:55  SCV x2  
  71  8:57  SCV  
  72  9:06  Marine, Stimpack  
  72  9:07  SCV  
  74  9:11  Barracks  
  74  9:12  Factory Tech Lab  
  74  9:16  Starport Reactor  
  74  9:20  Orbital Command  
  74  9:21  SCV x3  
  74  9:24  Siege Tank  
  80  9:27  Medivac  
  82  9:33  SCV, Missile Turret  
  82  9:37  SCV x2, Missile Turret  
  85  9:44  Medivac, Missile Turret  
  87  9:45  Siege Tank  
  87  9:46  Marine  
  87  9:49  SCV  
  87  9:50  SCV x2  
  87  9:51  SCV  
  94  10:01  Siege Tank  
  94  10:02  SCV, Marine  
  99  10:32  Medivac x2, Viking x2  
  99  10:35  Supply Depot x2  
  107  10:38  Supply Depot  
  107  10:40  Supply Depot  
  107  10:41  Marine  
  108  10:48  Siege Tank  
  108  10:49  Siege Tank  
  107  10:54  Orbital Command  
  92  11:02  Viking  
  88  11:17  Viking  
  88  11:18  Viking  
  91  11:20  Siege Tank  
  91  11:22  Siege Tank  
  91  11:25  Orbital Command  
  97  11:35  Refinery  
  97  11:36  Viking  
  99  11:52  Siege Tank  
  102  11:54  Viking x2  
  102  11:57  Refinery  
  106  12:03  Refinery  
  106  12:11  Viking, Orbital Command  
  106  12:12  Armory  
  106  12:15  Marine x2  
  110  12:21  Barracks  
  110  12:30  Viking  
  110  12:31  Viking  
  114  12:42  Viking x2  
  59  13:16  Siege Tank x2  
  65  13:31  Viking x4  
  73  13:35  SCV  
  74  13:47  SCV  
Tags
 
Add a new tag
Caveats
  • Supply blocks, unpowered buildings, or Contaminate may cause inaccurate times.
  • Supply counts are checked every 10 seconds.